cohdb
Replays
Latest Replays
All Replays
Popular Replays
Top Player Replays
Match Explorer
How It Works
Community
CoH3 Stats
Reddit
Sign in to upload your games and track your stats! →
Sign in with Steam
Match 38637373
Unlisted
Match 38637373
Overview
Messages
Build Orders
End
Panzergrenadier Squad
Selects Italian Combined Arms Battlegroup
Selects Bersaglieri Squad
Bersaglieri Squad
Construct Light Support Kompanie
Bersaglieri Squad
Fire Support Elements
Bersaglieri Squad
Selects Bersaglieri Bolster
Flakvierling Half-track
le.IG 18 Support Gun Team
Construct Mechanized Kompanie
StuG III D Assault Gun
Selects Breda Model 30 Light Machine Guns
Marder III Tank Destroyer
Pak 38 Anti-tank Gun Team
Silent
czarzasty
matjouz
Sarmynation
0
0
Comments
sign in to comment!
No comments posted yet!